 Dungeon Crawl Stone Soup version 0.30.0-29-ga12c61a403 (webtiles) character file.

Game seed: 17206755988790905707

86 olmar the Ruffian (level 4, 0/38 HPs)
             Began as a Naga Transmuter on June 7, 2023.
             Slain by a gnoll
             ... wielding a +0 spear
              (8 damage)
             ... on level 3 of the Dungeon.
             The game lasted 00:03:00 (2192 turns).

olmar the Ruffian (Naga Transmuter)                 Turns: 2192, Time: 00:03:00

Health: 0/38       AC:  3    Str: 12    XL:     4   Next: 50%
Magic:  5/7        EV: 10    Int: 16    God:
Gold:   156        SH:  0    Dex: 11    Spells: 5/8 levels left

rFire   . .          .
                       - Unarmed
rCold   . . .        (no shield)
rNeg    . . .        a - +0 robe
rPois   +            (helmet currently unavailable)
rElec   .            (no cloak)
rCorr   .            o - +0 pair of gloves
SInv    +            (no barding)
Will    .....        (no amulet)
Stlth   +            (no ring)
HPRegen 0.26/turn    (no ring)
MPRegen 0.10/turn

%: no passive effects
@: short of breath, appendages (expiring), wereblooded, hasted, quick
A: horns 2, AC +1, large, see invisible, deformed body, poison resistance,
slowness 2, spit poison 1, naga tail 1
a: Spit Poison, End Transformation


You were on level 3 of the Dungeon.
You had temporarily grown beastly horns.
You visited 1 branch of the dungeon, and saw 3 of its levels.

You collected 156 gold pieces.

Inventory:

Missiles
 d - 6 silver javelins
Armour
 a - a +0 robe (worn)
 o - a +0 pair of gloves (worn)
Wands
 m - a wand of flame (25)
Scrolls
 c - a scroll of enchant weapon {unknown}
 g - a scroll of amnesia {unknown}
 h - a scroll of identify {unknown}
 j - 2 scrolls of poison {unknown}
 l - a scroll of fear {unknown}
Potions
 b - a potion of lignification
 f - a potion of heal wounds {unknown}
 i - a potion of ambrosia {unknown}
 k - a potion of berserk rage {unknown}
 n - a potion of brilliance {unknown}


   Skills:
 + Level 1.2 Fighting
 + Level 2.2 Dodging
 + Level 0.9 Stealth
 + Level 3.9 Unarmed Combat
 + Level 2.6 Spellcasting
 + Level 2.4 Transmutations


You had 5 spell levels left.
You knew the following spells:

 Your Spells              Type           Power      Damage    Failure   Level
a - Beastly Appendage     Tmut           18%        N/A       7%          1
b - Wereblood             Tmut           9%         N/A       11%         2

Your spell library contained the following spells:

 Spells                   Type           Power      Damage    Failure   Level
 Apportation              Tloc           4%         N/A       21%         1
 Spider Form              Tmut/Pois      6%         N/A       34%         3
 Ice Form                 Ice/Tmut       6%         N/A       75%         4


Dungeon Overview and Level Annotations

Branches:
Dungeon (3/15)

Altars:

Shops:
D:1 [


Innate Abilities, Weirdness & Mutations

You have temporarily grown beastly horns.
Your serpentine skin is tough. (AC +1)
You have supernaturally acute eyesight. (SInv)
Armour fits poorly on your strangely shaped body.
Your system is resistant to poisons. (rPois)
You cover ground very slowly.
You can spit poison.
You have a snake-like lower body.


Message History

Unknown command.
The gnoll hits you with a +0 spear.
* * * LOW HITPOINT WARNING * * *
The gnoll closely misses you.
A gnoll comes into view. It is wielding a +0 spear.
Things that are here:
a +0 whip; a gnoll corpse Unknown command.
It was a potion of haste.
You feel yourself speed up.
You howl as the wereblood boils in your veins!
The gnoll hits you with a +0 spear.
* * * LOW HITPOINT WARNING * * *
Unknown command.
You hit the gnoll.
You feel a bit better.
You kill the gnoll!
Unknown command.
Aiming: Throw Flame
Press: ? - help, Shift-Dir - straight line, f - gnoll
Aim: a gnoll, wielding a +2 whip of draining (72% to hit)
The puff of flame hits the gnoll.
The gnoll is moderately wounded.
Unknown command.
You closely miss the gnoll.
The gnoll is moderately wounded.
You have got your breath back.
The gnoll barely misses you.
The gnoll hits you from afar with a +0 spear.
* * * LOW HITPOINT WARNING * * *
Unknown command.
You hit the gnoll.
The gnoll is moderately wounded.
Unknown command.
Aiming: Spit Poison (1% risk of failure)
Press: ? - help, Shift-Dir - straight line, f/p - gnoll
Aim: a gnoll, wielding a +2 whip of draining (moderately wounded, 65% to hit)
The splash of poison hits the gnoll!
The gnoll is almost dead.
Your transformation is almost over.
The gnoll hits you from afar with a +0 spear!
You die...

#.# #.# #.#
#.# #.#######
#.......#
#.#####.#
###.#####.##.#
#.....@ggg...#
#.##.####.##.#
#. #.# # #.#
#.# #.# #.#
...


You could see 2 gnolls and a hobgoblin.

Vanquished Creatures
  3 adders
  2 gnolls (D:3)
  A dart slug (D:2)
  3 bats (D:1)
  4 endoplasms (D:2)
  A giant cockroach (D:2)
  3 hobgoblins
  4 jackals (D:2)
  2 quokkas (D:1)
  2 ball pythons (D:1)
  2 frilled lizards (D:2)
  3 goblins (D:2)
  4 kobolds
  6 rats
40 creatures vanquished.

Notes
Turn   | Place    | Note
-------+----------+-------------------------------------------
     0 | D:1      | olmar the Naga Transmuter began the quest for the Orb.
     0 | D:1      | Reached XP level 1. HP: 18/18 MP: 3/3
   215 | D:1      | Reached XP level 2. HP: 22/25 MP: 3/5
   351 | D:1      | Found Retti Uwa's Armour Emporium.
   352 | D:1      | Noticed an animated crystal plate armour
   353 | D:1      | Noticed an animated crystal plate armour
   819 | D:2      | Reached XP level 3. HP: 31/31 MP: 4/6
   919 | D:2      | Learned a level 2 spell: Wereblood
  1440 | D:2      | Found a faded altar of an unknown god.
  1479 | D:2      | Got Plato's Octavo of the Voyage
  1814 | D:2      | Reached XP level 4. HP: 36/38 MP: 5/7
  2192 | D:3      | Slain by a gnoll

Illustrated notes

Levels and vault maps discovered:
D:1:      heliophobic_arrival_battle_scene, layout_rooms, serial_forest,
          infiniplex_forest_end_3, infiniplex_forest_lined_3_way,
          infiniplex_forest_lined_2, infiniplex_forest_clump_medium,
          infiniplex_forest_lined_2, infiniplex_forest_straight_2,
          infiniplex_forest_clump_diagonal, serial_shops,
          nicolae_shop_mannequins
D:2:      layout_loops_corners, shapermc_ecumenical_altar_rom_forum,
          minmay_fountain_box, grunt_ministairs_1
D:3:      layout_loops_ring, kennysheep_generic_room_5

Skill      XL: |  1  2  3 |
---------------+----------+-----
Dodging        | 2 |  2.2
Fighting       | |  1.2
Stealth        | |  0.9
Unarmed Combat | |  3.9
Spellcasting   | |  2.6
Transmutations | |  2.4

Action                     |  1- 3 |  4- 6 || total
---------------------------+-------+-------++-------
  Melee: Unarmed           |    94 |     9 ||   103
         Headbutt          |    10 |     1 ||    11
         Punch             |     1 |       ||     1
   Cast: Beastly Appendage |    13 |     2 ||    15
         Wereblood         |       |     1 ||     1
Ability: Spit Poison       |    17 |     3 ||    20
  Evoke: Wand              |       |     1 ||     1
    Use: Potion            |       |     1 ||     1
 Armour: Robe              |    19 |       ||    19
  Dodge: Dodged            |    45 |     4 ||    49
